Map: Kairos Junction LE

Players

Rob - Winner!

  • Race: Protoss Protoss
  • League: Grandmaster
  • Spawn Location: 11:00

Jason

  • Race: Terran Terran
  • League: Grandmaster
  • Spawn Location: 5:00

VOD

Have the link to the VOD?

Description

Time

  • Played on: May 13, 2019, 12:27 p.m.
  • Length: 3:18
Show
View Real Time Build Order
Export as new Build Order

Rob Protoss - Winner!

Build Orders:  

Get SALT Encoding   

  12  0:01  Probe  
  13  0:13  Probe  
  14  0:20  Pylon  
  14  0:25  Probe  
  15  0:35  Probe  
  16  0:43  Probe, Gateway  
  17  0:50  Pylon  
  17  0:53  Probe  
  18  1:01  Assimilator  
  18  1:10  Gateway  
  18  1:15  Probe  
  19  1:21  Zealot  
  19  1:31  Assimilator  
  21  1:34  Cybernetics Core  
  21  1:38  Probe  
  22  1:51  Probe  
  23  2:01  Stalker  
  24  2:10  Stalker  
  26  2:30  Stalker  
  28  2:41  Stalker  
  30  2:44  Pylon  
  30  2:51  Assimilator  
Show
View Real Time Build Order
Export as new Build Order

Jason Terran 

Build Orders:  

Get SALT Encoding   

  12  0:00  SCV  
  13  0:12  SCV  
  14  0:18  Supply Depot  
  14  0:25  SCV  
  15  0:40  Barracks  
  15  0:44  Refinery  
  15  0:47  SCV  
  16  0:59  SCV  
  17  1:11  SCV  
  18  1:23  SCV  
  19  1:31  Ghost Academy  
  19  1:38  Orbital Command  
  19  1:39  Barracks Tech Lab  
  19  1:45  Supply Depot  
  19  2:03  SCV  
  20  2:19  Command Center  
  20  2:21  SCV  
  22  2:26  Barracks  
  22  2:33  SCV  
  22  2:37  Barracks  
  22  2:46  SCV, Barracks  
  23  2:58  SCV  
  21  3:14  Bunker  
Tags
 
Add a new tag
Caveats
  • Supply blocks, unpowered buildings, or Contaminate may cause inaccurate times.
  • Supply counts are checked every 10 seconds.